 Dungeon Crawl Stone Soup version 0.30-a0-1016-gfb0d676c02 (webtiles) character file.

Game seed: 10111778382565528717

1572 ytrimaz the Trooper (level 8, 0/68 HPs)
             Began as a Demonspawn Transmuter on Apr 6, 2023.
             Was a Follower of Okawaru.
             Succumbed to Duvessa's poison
             ... on level 5 of the Dungeon.
             The game lasted 00:06:31 (6212 turns).

ytrimaz the Trooper (Demonspawn Transmuter)         Turns: 6212, Time: 00:06:32

Health: 0/68       AC:  4    Str: 14    XL:     8   Next: 59%
Magic:  11/11      EV: 17    Int: 23    God:    Okawaru [*.....]
Gold:   207        SH:  9    Dex: 14    Spells: 8/11 levels left

rFire   . . .      SeeInvis .      - Unarmed
rCold   . . .      Faith    .    (no shield)
rNeg    . . .      Spirit   .    a - +1 robe
rPois   .          Reflect  +    (helmet restricted)
rElec   .          Rampage  .    s - scarf {repulsion}
rCorr   .                        k - +0 pair of gloves
Will    .....                    (no boots)
Stlth   +                        r - amulet of reflection
HPRegen 0.31/turn                g - +6 ring of intelligence
MPRegen 0.12/turn                t - +5 ring of evasion

@: lethally poisoned (0 -> -12), marked, wereblooded (expiring), repel missiles
A: horns 1, big brain 1, condensation shield, mutation resistance 1, strong 1
a: Renounce Religion, Heroism


You were on level 5 of the Dungeon.
You worshipped Okawaru.
Okawaru was aware of your devotion.
You visited 2 branches of the dungeon, and saw 6 of its levels.

You collected 303 gold pieces.
You spent 96 gold pieces at shops.


Innate Abilities, Weirdness & Mutations

You have a pair of small horns on your head.
You have an unusually large brain. (Int +2)
A meltable shield of frost defends you. (SH +4)
You are somewhat resistant to further mutation.
Your muscles are strong. (Str +4, Int/Dex -1)


   Skills:
 + Level 7.7 Fighting
 - Level 1.7 Dodging
 + Level 7.5 Unarmed Combat
 - Level 2.0 Spellcasting
 - Level 1.7 Transmutations


You had 8 spell levels left.
You knew the following spells:

 Your Spells              Type           Power      Damage    Failure   Level
a - Beastly Appendage     Tmut           20%        N/A       6%          1
b - Wereblood             Tmut           10%        N/A       10%         2

Your spell library contained the following spells:

 Spells                   Type           Power      Damage    Failure   Level
 Sting                    Tmut/Pois      24%        1d4       9%          1
 Spider Form              Tmut/Pois      6%         N/A       26%         3
 Ice Form                 Ice/Tmut       6%         N/A       65%         4
 Lee's Rapid Deconstruct  Erth           1%         3d4*      98%         5

Inventory:

Armour
 a - a +1 robe (worn)
 k - a +0 pair of gloves (worn)
   (You found it on level 2 of the Dungeon)
 s - a scarf of repulsion (worn)
   (You found it on level 4 of the Dungeon)
Jewellery
 g - a +6 ring of intelligence (left hand)
   (You found it on level 2 of the Dungeon)
 o - a ring of protection from fire
   (You found it on level 3 of the Dungeon)
 r - an amulet of reflection (around neck)
   (You found it on level 3 of the Dungeon)
 t - a +5 ring of evasion (right hand)
   (You found it on level 4 of the Dungeon)
Wands
 j - a wand of digging (5)
   (You took it off Sigmund on level 3 of the Dungeon)
 n - a wand of flame (17)
   (You found it on level 3 of the Dungeon)
Scrolls
 c - a scroll of brand weapon
 f - 6 scrolls of teleportation
 l - 2 scrolls of blinking
 m - a scroll of noise
 q - a scroll of enchant armour
Potions
 b - 2 potions of brilliance
 d - 3 potions of magic
 e - 2 potions of flight
 h - 2 potions of resistance
 i - a potion of mutation
 p - a potion of might {unknown}

Dungeon Overview and Level Annotations

Branches:
Dungeon (5/15) Zot: 24207  Temple (1/1) D:5 Zot: 5626

Altars:
Ashenzari
Dithmenos
Fedhas
Gozag
Hepliaklqana
Kikubaaqudgha
Makhleb
Nemelex Xobeh
Okawaru
Qazlal
Ru
Sif Muna
Trog
Uskayaw
Vehumet
Wu Jian
Xom

Shops:
D:1 *   D:3 *!?

Annotations:
D:3 1 runed translucent door, Crazy Yiuf
D:5 Duvessa, Pikel

.# . .####..... .# ..
........# .#
5###.......+ .#
......?...# ##
#.Z......# #.Z5ZZ...#
### #55c..# #.. #K#####
############.###@#######
............Zs.eā€
.......
.........###.###.##..###
.........# #.# #.#.....#
.........# #.###.......#
.........# #...........#
.........###..##.......#
..........8#.###.......#
........8..#.###.......#


You could see Pikel, Duvessa (berserk), 3 lemures, a scorpion, a water moccasin
zombie, a hound zombie, a killer bee zombie, a centaur zombie and a hound
skeleton.


Message History

You take 1 damage, and now have 54/68 hp.
Casting: Wereblood (safe; 9% risk of failure)
Confirm with . or Enter, or press ? or * to list all spells.
Your blood is infused with primal strength.
You feel sick. šŸ˜• HP[-1] MP[-2]
You take 1 damage, and now have 53/68 hp.
You lost 2 mp, and now have 9/11 mp.
Unknown command.
You feel sick.
You are no longer poisoned.
A lemure comes into view.
You see here a water moccasin corpse.
A bullfrog zombie and Pikel come into view.
Pikel is wielding a +2 whip of freezing and wearing a +1 robe of fire resistance.
A hound zombie comes into view.
You hear a shout!
The centaur zombie hits you. The centaur zombie barely misses you.
The lemure hits you.
A bullfrog zombie comes into view. šŸ˜® HP[-2]
You take 2 damage, and now have 51/68 hp.
The centaur zombie attacks as you move away!
The centaur zombie closely misses you. x2 šŸ˜• HP[+1]
You closely miss the lemure. You closely miss the lemure.
You headbutt the lemure.
A water moccasin zombie comes into view.
A lemure comes into view.
The lemure barely misses you.
You hit the lemure.
A lemure comes into view.
You block the lemure's attack.
You hear a shout!
A killer bee zombie comes into view.
You punch the lemure!
The lemure completely misses you. šŸ˜• HP[+1] MP[+1]
You barely miss the lemure. You headbutt the lemure.
The lemure closely misses you.
You hit the lemure. The lemure closely misses you.
You punch the lemure!
You kill the lemure!
That felt strangely unrewarding. šŸ˜• HP[+1]
You hit the centaur zombie but do no damage.
You headbutt the centaur zombie.
A centaur comes into view.
The centaur zombie barely misses you. The centaur zombie misses you.
You punch the centaur zombie!
You hear a shout!
You punch Pikel! Your headbutt misses Pikel. You closely miss Pikel.
You hear a shout!
Pikel misses you.
You hit Pikel. You block Pikel's attack.
You hear a shout!
You hit Pikel but do no damage. You block Pikel's attack.
You hit Pikel. You headbutt Pikel, but do no damage.
You block Pikel's attack. šŸ˜• HP[+1] MP[+1]
Your mp is fully restored (11).
You hit Pikel.
You headbutt Pikel. šŸ˜• HP[+1] Unknown command.
You punch Pikel! Pikel closely misses you.
A scorpion comes into view.
You hit Pikel but do no damage.
Your primal bloodlust is almost over.
Pikel says, "You'll rot in Tartarus!"
Pikel hits you with a +2 whip of freezing!
Pikel freezes you.
Duvessa hits you with a +0 short sword of venom! šŸ˜® HP[-21]
You take 21 damage, and now have 35/68 hp.
MASSIVE DAMAGE!! (PAUSE)
You are too injured to fight recklessly!
You barely miss Pikel.
A hound skeleton comes into view.
You block Pikel's attack. Duvessa closely misses you. šŸ˜® HP[+1]
You are too injured to fight recklessly!
You punch Pikel! Duvessa misses you. Pikel barely misses you.
Unknown command.
It was a potion of mutation.
You feel extremely strange.
You feel genetically stable.
You feel stronger.
Duvessa hits you with a +0 short sword of venom!
* * * LOW HITPOINT WARNING * * *
Pikel hits you with a +2 whip of freezing!
* * * LOW HITPOINT WARNING * * *
Pikel freezes you.
* * * LOW HITPOINT WARNING * * *
Duvessa hits you with a +0 short sword of venom!
* * * LOW HITPOINT WARNING * * *
You are lethally poisoned! šŸ˜± HP[-33]
You take 33 damage, and now have 3/68 hp.
MASSIVE DAMAGE!! (PAUSE)
As you read the scroll labelled HUTOONGITUH, it crumbles to dust.
It is a scroll of enchant weapon.
You aren't carrying any weapons that can be enchanted.
You die...

Skill      XL: |  1  2  3  4  5  6  7  8 |
---------------+-------------------------+-----
Unarmed Combat | 3 4 5 6 7 |  7.5
Fighting       | 2 4 5 6 7 |  7.7
Dodging        | |  1.7
Spellcasting   | |  2.0
Transmutations | |  1.7

Action                     |  1- 3 |  4- 6 |  7- 9 || total
---------------------------+-------+-------+-------++-------
  Melee: Unarmed           |   124 |    85 |   254 ||   463
         Headbutt          |    20 |     9 |    48 ||    77
         Kick              |     8 |     1 |     5 ||    14
         Punch             |     3 |       |    11 ||    14
   Cast: Beastly Appendage |    10 |     2 |     4 ||    16
         Wereblood         |       |     1 |     5 ||     6
  Evoke: Wand              |       |       |     7 ||     7
    Use: Scroll            |     7 |     2 |     5 ||    14
         Potion            |       |     2 |     4 ||     6
   Stab: Sleeping          |     1 |       |       ||     1
 Armour: Robe              |    43 |    19 |    22 ||    84
         Skin              |       |     7 |       ||     7
  Dodge: Dodged            |    96 |    32 |   140 ||   268
  Block: Other             |       |     8 |    73 ||    81

Levels and vault maps discovered:
D:1:      minmay_arrival_hallway, layout_rooms, serial_shops,
          nicolae_shop_advertising_works [nicolae_subvault_shop_adworks]
D:2:      layout_basic, serial_glass, glass_columns_b, glass_columns_c
D:3:      layout_loops_corners, mainiacjoe_overflow_chevrons,
          mainiacjoe_overflow_surrounded_room, serial_shops,
          nicolae_shop_crystal, shop, shop, nicolae_hexahallways,
          minmay_shallow_snake_nest, uniq_sigmund, uniq_crazy_yiuf_cottage
D:4:      layout_basic, mainiacjoe_overflow_brackets,
          grunt_temple_overflow_open, uniq_ijyb
D:5:      layout_basic, nicolae_xom_altar_mimics, minmay_temple_entry_crystal_x,
          serial_undead, serial_undead_f, serial_undead_a, serial_undead_a,
          serial_undead_c, serial_undead_b, serial_undead_f, serial_undead_e,
          serial_undead_b, st_stairs_1, uniq_duvessa, uniq_pikel
Temple:   minmay_temple_curvy_branch

Notes
Turn   | Place    | Note
-------+----------+-------------------------------------------
     0 | D:1      | ytrimaz the Demonspawn Transmuter began the quest for the
                  | Orb.
     0 | D:1      | Reached XP level 1. HP: 15/15 MP: 3/3
     0 | D:1      | magus.rc [v1.9.6]
    22 | D:1      | Found Iluuffung's General Store.
   118 | D:1      | Reached skill level 3 in Unarmed Combat
   144 | D:1      | Mutation became permanent: You have a pair of small horns
                  | on your head. [demonic ancestry]
   144 | D:1      | Gained mutation: You have a pair of horns on your head.
                  | [demonic ancestry]
   144 | D:1      | Reached XP level 2. HP: 21/21 MP: 3/5
   493 | D:1      | Reached skill level 2 in Fighting
   567 | D:1      | HP: 4/22 [frozen (2)]
  1005 | D:2      | Gained mutation: You have an unusually large brain. (Int
                  | +2) [demonic ancestry]
  1005 | D:2      | Reached XP level 3. HP: 18/27 MP: 6/6
  1956 | D:3      | Found Woiwnor's Distillery.
  1958 | D:3      | Found Laukyo's Magic Scroll Emporium.
  1967 | D:3      | Bought a scroll of teleportation for 36 gold pieces
  1967 | D:3      | Bought a scroll of identify for 24 gold pieces
  1967 | D:3      | Bought a scroll of teleportation for 36 gold pieces
  2077 | D:3      | Learned a level 2 spell: Wereblood
  2105 | D:3      | Found a radiant altar of Vehumet.
  2191 | D:3      | Reached XP level 4. HP: 31/34 MP: 7/7
  2260 | D:3      | Noticed Sigmund
  2266 | D:3      | Killed Sigmund
  2267 | D:3      | Reached skill level 4 in Fighting
  2267 | D:3      | Reached skill level 4 in Unarmed Combat
  2267 | D:3      | Reached XP level 5. HP: 42/42 MP: 8/8
  2436 | D:3      | Found a runed translucent door.
  2437 | D:3      | Noticed Crazy Yiuf
  2845 | D:3      | Found Ihetsepp's General Store.
  3292 | D:4      | Found a sacrificial altar of Ru.
  3334 | D:4      | Reached XP level 6. HP: 31/49 MP: 9/9
  3449 | D:4      | Noticed an orc warrior
  3467 | D:4      | Killed an orc warrior
  3468 | D:4      | Reached skill level 5 in Unarmed Combat
  3473 | D:4      | Reached skill level 5 in Fighting
  3657 | D:4      | Reached XP level 7. HP: 28/56 MP: 7/10
  4098 | D:4      | Noticed Ijyb
  4106 | D:4      | Paralysed by Ijyb for 2 turns
  4117 | D:4      | Killed Ijyb
  4118 | D:4      | Reached skill level 6 in Unarmed Combat
  4218 | D:4      | Found a sparkling altar of Nemelex Xobeh.
  4271 | D:4      | You add the spells Sting and Lee's Rapid Deconstruction to
                  | your library.
  4271 | D:4      | Got Goeziul's Notes on the Coarse Shift
  4636 | D:5      | Entered Level 5 of the Dungeon
  4649 | D:5      | Found a shimmering altar of Xom.
  4651 | D:5      | Found a shimmering altar of Xom.
  4653 | D:5      | Found a shimmering altar of Xom.
  4654 | D:5      | Found a shimmering altar of Xom.
  4655 | D:5      | Found a shimmering altar of Xom.
  4655 | D:5      | Found a shimmering altar of Xom.
  4657 | D:5      | Found a shimmering altar of Xom.
  4739 | D:5      | Reached skill level 6 in Fighting
  4757 | D:5      | Noticed Dowan
  4784 | D:5      | Killed Dowan
  4789 | D:5      | HP: 7/58 [iguana (13)]
  5149 | D:5      | Noticed Duvessa
  5430 | D:5      | Found a staircase to the Ecumenical Temple.
  5456 | Temple   | Entered the Ecumenical Temple
  5804 | Temple   | Became a worshipper of Warmaster Okawaru
  5918 | D:5      | Gained mutation: A meltable shield of frost defends you.
                  | (SH +4) [demonic ancestry]
  5918 | D:5      | Reached XP level 8. HP: 64/65 MP: 11/11
  5968 | D:5      | Reached skill level 7 in Fighting
  5968 | D:5      | Reached skill level 7 in Unarmed Combat
  6180 | D:5      | Reached * piety under Okawaru
  6190 | D:5      | Noticed Pikel
  6211 | D:5      | Gained mutation: You are somewhat resistant to further
                  | mutation. [potion of mutation]
  6211 | D:5      | Gained mutation: Your muscles are strong. (Str +4, Int/Dex
                  | -1) [potion of mutation]
  6211 | D:5      | HP: 17/68 [Pikel/+2 whip of freezing (2)]
  6211 | D:5      | HP: 3/68 [Duvessa/+0 short sword of venom (14)]
  6212 | D:5      | Succumbed to Duvessa's poison

Vanquished Creatures
  Sigmund (D:3)
  A water moccasin (D:5)
  An orc warrior (D:4)
  A black bear (D:4)
  3 phantoms (D:5)
  A lemure (D:5)
  4 scorpions
  Dowan (D:5)
  A centaur zombie (D:5)
  2 hounds (D:5)
  2 jellies (D:4)
  2 orc priests
  2 centaur skeletons (D:5)
  A bullfrog skeleton (D:5)
  2 iguanas (D:5)
  Ijyb (D:4)
  2 orc wizards (D:4)
  A scorpion zombie (D:5)
  A hound zombie (D:5)
  A hound skeleton (D:5)
  5 adders
  A howler monkey skeleton (D:5)
  A shadow imp (D:5)
  2 worms
  2 dart slugs
  7 orcs
  3 endoplasms
  3 giant cockroaches
  11 goblins
  3 hobgoblins
  3 jackals (D:1)
  4 kobolds
  2 quokkas
  14 ball pythons
  6 bats
  2 frilled lizards
  7 rats
107 creatures vanquished.

Vanquished Creatures (others)
  3 plants (D:3)
  3 withered plants (D:5)
6 creatures vanquished.

Grand Total: 113 creatures vanquished

Table legend:
 A = Non-vault XP
 B = Vault XP
 C = Vault XP percentage of total XP
 D = Non-vault monster count
 E = Vault monster count
 F = Vault count percentage of total count
                 A         B        C        D         E       F
            +---------+---------+-------+---------+---------+-------
      Total |    1297 |     950 |  42.3 |      85 |      21 |  19.8
            +---------+---------+-------+---------+---------+-------
        D:1 |      35 |       0 |   0.0 |      20 |       0 |   0.0
        D:2 |      41 |       0 |   0.0 |      15 |       0 |   0.0
        D:3 |      63 |     234 |  78.8 |      17 |       7 |  29.2
        D:4 |     648 |      36 |   5.3 |      22 |       1 |   4.3
        D:5 |     510 |     680 |  57.1 |      11 |      13 |  54.2
            +---------+---------+-------+---------+---------+-------

Illustrated notes

Table legend:
 A = Kills in this place as a percentage of kills in the entire game.
 B = Kills by you in this place as a percentage of kills by you in the entire game.
 C = Kills by friends in this place as a percentage of kills by friends in the entire game.
 D = Other kills in this place as a percentage of other kills in the entire game.
 E = Experience gained in this place as a percentage of experience gained in the entire game.
 F = Experience gained in this place divided by the number of levels of this place that you have seen.
                   A       B       C       D       E      F
               +-------+-------+-------+-------+-------+----------------------
         Total | 100.0 | 100.0 |   N/A |   N/A | 100.0 | 374.5
       Dungeon | 100.0 | 100.0 |   N/A |   N/A | 100.0 | 449.4
               +-------+-------+-------+-------+-------+----------------------

Table legend: (Time is in decaauts)
 A = Elapsed time spent in this place.
 B = Non-inter-level travel time spent in this place.
 C = Inter-level travel time spent in this place.
 D = Time resting spent in this place.
 E = Time spent auto-exploring this place.
 F = Levels seen in this place.
 G = Mean time per level.
                   A        B        C        D        E       F      G
               +--------+--------+--------+--------+--------+-----+--------+
         Total |   6166 |   5938 |    228 |    699 |   4227 |   6 | 1027.7 |
       Dungeon |   5792 |   5612 |    180 |    699 |   3905 |   5 | 1158.4 |
        Temple |    373 |    325 |     48 |      0 |    322 |   1 |  373.0 |
               +--------+--------+--------+--------+--------+-----+--------+

Top non-repeatable levels by time:
     D:4: 1801 daAuts
     D:3: 1317 daAuts
     D:2: 1128 daAuts
     D:1: 793 daAuts
     D:5: 751 daAuts
  Temple: 373 daAuts
